 Dungeon Crawl Stone Soup version 0.31-a0-1-g4198be8af4 (webtiles) character file.

Game seed: 957604914759914106

400 NotreDorf the Trooper (level 6, -13/48 HPs)
             Began as a Mummy Fighter on May 1, 2023.
             Mangled by an ogre
             ... wielding a +0 giant club
              (19 damage)
             ... on level 5 of the Dungeon.
             The game lasted 00:13:31 (3747 turns).

NotreDorf the Trooper (Mummy Fighter)               Turns: 3747, Time: 00:13:32

Health: -13/48     AC:  8    Str: 21    XL:     6   Next: 54%
Magic:  10/10      EV:  9    Int: 14    God:
Gold:   206        SH:  4    Dex: 11    Spells: 7/10 levels left

rFire   . . .        k - +0 morningstar (elec)
rCold   . . .        c - +0 buckler
rNeg    + + +        b - +0 scale mail
rPois   ∞            (no helmet)
rElec   .            m - +0 cloak
rCorr   .            (no gloves)
SInv    .            (no boots)
Will    .....        (no amulet) Stlth
                     n - ring of fire
HPRegen 0.28/turn    l - +6 ring of intelligence
MPRegen 0.12/turn

%: faith
@: no status effects
A: cold resistance 1, negative energy resistance 3, torment resistance 2, heat
vulnerability 1, in touch with death 1, no potions, faith
a: no special abilities


You were on level 5 of the Dungeon.
You visited 1 branch of the dungeon, and saw 5 of its levels.

You collected 206 gold pieces.

Inventory:

Hand Weapons
 i - the +5 mace of the Cup {chaos, rF+ rC+ Will- MP+9}
   (You found it on level 4 of the Dungeon)

   rF:        It protects you from fire.
   rC:        It protects you from cold.
   MP:        It affects your magic capacity (+9).
   Will:      It decreases your willpower.
 k - a +0 morningstar of electrocution (weapon)
Missiles
 f - 30 stones (quivered)
Armour
 b - a +0 scale mail (worn)
 c - a +0 buckler (worn)
 m - a +0 cloak (worn)
Jewellery
 a - a ring of protection from fire
 h - a +6 ring of dexterity
 l - a +6 ring of intelligence (right hand)
 n - a ring of fire (left hand)
 p - a ring of flight
Wands
 r - a wand of flame (19)
Scrolls
 d - 4 scrolls of identify
 e - a scroll of butterflies
 g - a scroll of blinking
 j - 3 scrolls of magic mapping
 o - 2 scrolls of fear
 q - a scroll of torment
 s - a scroll of poison {unknown}


   Skills:
 + Level 4.1 Fighting
 + Level 2.7 Maces & Flails
 + Level 3.3 Armour
 + Level 3.4 Shields
 + Level 2.9 Spellcasting
 + Level 1.4 Fire Magic


You had 7 spell levels left.
You knew the following spells:

 Your Spells              Type           Power      Damage    Failure   Level
a - Ignite Poison         Fire/Tmut/Pois 5%         N/A       87%         3

Your spell library contained the following spells:

 Spells                   Type           Power      Damage    Failure   Level
 Apportation              Tloc           4%         N/A       58%         1
 Necrotise                Necr           12%        1d4       58%         1
 Summon Small Mammal      Summ           8%         N/A       58%         1
 Volatile Blastmotes      Fire/Tloc      12%        2d11      85%         3
 Dazzling Flash           Conj/Hex       4%         N/A       91%         3
 Vhi's Electric Charge    Tloc/Air       4%         N/A       91%         3
 Sticky Flame             Conj/Fire      6%         2d3       99%         4
 Cause Fear               Hex            1%         N/A       100%        4
 Iskenderun's Mystic Bla  Conj/Tloc      2%         2d3       100%        4
 Arcjolt                  Conj/Air       1%         1d11      100%        5
 Starburst                Conj/Fire      3%         6d3       100%        6
 Ignition                 Fire           4%         3d4       100%        8
 Maxwell's Capacitive Co  Air            1%         ∞         100%        8
 Dragon's Call            Summ           1%         N/A       100%        9
 Dragon Form              Tmut           Unusable   N/A       N/A         7

Dungeon Overview and Level Annotations

Branches:
Dungeon (5/15)
 Temple: D:4-7

Altars:
Dithmenos
Hepliaklqana
Uskayaw


Innate Abilities, Weirdness & Mutations

You are immune to poison.
Your flesh is cold resistant. (rC+)
You are immune to negative energy. (rN+++)
You are immune to unholy pain and torment.
You are vulnerable to heat. (rF-)
You are in touch with the powers of death.
You do not drink.
You have a special connection with the divine. (Faith)


Message History

The orc priest mumbles some strange prayers to Beogh against you.
Beogh smites you! You block the orc's attack.
The orc priest closely misses you.
You closely miss the orc priest. The orc hits you but does no damage.
The orc priest begins to cast a cantrip, but forgets the words!
You hit the orc priest.
The orc priest is moderately wounded.
You block the orc's attack.
The orc priest hits you with a +0 flail.
You block the orc priest's attack.
Something unseen opens the door.
The orc hits you with a +0 club.
You closely miss the orc priest.
The orc priest is moderately wounded.
The orc priest looks encouraged for a moment.
The orc hits you but does no damage.
You barely miss the orc priest.
The orc priest is moderately wounded.
The orc hits you but does no damage. You block the orc priest's attack.
The orc priest hits you but does no damage.
The orc closely misses you.
You closely miss the orc priest.
The orc priest is moderately wounded.
The orc closely misses you.
The orc priest invokes the aid of Beogh against you.
Beogh smites you!
You hit the orc priest but do no damage.
The orc priest is moderately wounded.
The orc hits you but does no damage. The orc priest barely misses you.
You puncture the orc priest!
The orc priest is almost dead.
The orc barely misses you.
The orc priest calls down the wrath of Beogh upon you.
Beogh smites you!
* * * LOW HITPOINT WARNING * * *
The orc priest looks braver for a moment.
The orc barely misses you.
You hit the orc priest but do no damage.
The orc priest is almost dead.
The ogre hits you with a +0 giant club!!
You die...

.....#... ...#.#...
........< ....?...#
.....###. ........#
##.#...#. ........# #
#.#.#. ..<.....+
#..... ........#
########... ......O.+
........###
......o@############.#
'#...#.o..)....#...#.#
#. #.#######.#.#.#.#
...........#)#.#.#
...............#.#.#
O................#...#
......#####......#####
...... ####.....
o..... #+#.###


You could see an ogre, an orc priest and an orc.

Vanquished Creatures
  A jelly (D:5)
  2 hounds (D:4)
  2 sleepcaps (D:4)
  An iguana (D:4)
  An orc wizard (D:4)
  3 gnolls (D:4)
  4 adders
  A white imp (D:5)
  3 worms
  A dart slug (D:3)
  12 orcs
  4 ball pythons
  8 endoplasms
  A giant cockroach (D:4)
  9 goblins
  8 hobgoblins
  22 jackals
  6 quokkas
  7 bats
  5 frilled lizards
  6 kobolds
  2 rats
109 creatures vanquished.

Notes
Turn   | Place    | Note
-------+----------+-------------------------------------------
     0 | D:1      | NotreDorf the Mummy Fighter began the quest for the Orb.
     0 | D:1      | Reached XP level 1. HP: 18/18 MP: 1/1
   424 | D:1      | Reached XP level 2. HP: 24/24 MP: 2/2
  1088 | D:2      | Gained mutation: You are in touch with the powers of death.
                  | [Mummy growth]
  1088 | D:2      | Reached XP level 3. HP: 25/29 MP: 3/3
  1165 | D:2      | Found a hide-covered altar of Uskayaw.
  1188 | D:2      | Reached skill level 1 in Spellcasting
  1686 | D:2      | Learned a level 3 spell: Ignite Poison
  1727 | D:3      | Reached XP level 4. HP: 35/35 MP: 4/6
  2389 | D:4      | Identified the +5 mace of the Cup {chaos, rF+ rC+ Will-
                  | MP+9}
  2445 | D:4      | Reached XP level 5. HP: 28/42 MP: 6/8
  2535 | D:4      | Reached skill level 1 in Fire Magic
  2732 | D:4      | Reached XP level 6. HP: 34/48 MP: 9/9
  2827 | D:4      | Reached skill level 4 in Fighting
  2984 | D:4      | Found a shadowy altar of Dithmenos.
  3299 | D:5      | Entered Level 5 of the Dungeon
  3393 | D:5      | Found a hazy altar of Hepliaklqana.
  3747 | D:5      | Mangled by an ogre

Illustrated notes

Levels and vault maps discovered:
D:1:      minmay_arrival_up_and_down, layout_loops_corners,
          wander_ebering_terrifying_dragon_lair
D:2:      layout_rooms, basic_altar, nrook_mini_backslash
D:3:      layout_rooms, grunt_ministairs_6, dk_noncrumbling_4
D:4:      layout_basic, mainiacjoe_overflow_24_doors,
          chequers_serial_rivers_small_3, hangedman_abyss_or_decor_lesser_grid
D:5:      layout_basic, lemuel_tele_altar

Skill      XL: |  1  2  3  4  5  6 |
---------------+-------------------+-----
Maces & Flails | 2 |  2.7
Spellcasting   | 1 2 |  2.9
Armour         | 3 |  3.3
Shields        | 3 |  3.4
Fire Magic     | 1 |  1.4
Fighting       | 4 |  4.1

Action                     |  1- 3 |  4- 6 || total
---------------------------+-------+-------++-------
  Melee: Flail             |   108 |       ||   108
         Morningstar       |    40 |   212 ||   252
  Throw: Stone             |       |     4 ||     4
    Use: Scroll            |       |     7 ||     7
 Armour: Scale mail        |    63 |    96 ||   159
  Dodge: Dodged            |    70 |   124 ||   194
  Block: Buckler           |    36 |    44 ||    80

Table legend: (Time is in decaauts)
 A = Elapsed time spent in this place.
 B = Non-inter-level travel time spent in this place.
 C = Inter-level travel time spent in this place.
 D = Time resting spent in this place.
 E = Time spent auto-exploring this place.
 F = Levels seen in this place.
 G = Mean time per level.
                   A        B        C        D        E       F      G
               +--------+--------+--------+--------+--------+-----+--------+
         Total |   3886 |   3781 |    105 |     21 |   2882 |   5 |  777.2 |
       Dungeon |   3886 |   3781 |    105 |     21 |   2882 |   5 |  777.2 |
               +--------+--------+--------+--------+--------+-----+--------+

Top non-repeatable levels by time:
     D:4: 1057 daAuts
     D:1: 1057 daAuts
     D:2: 705 daAuts
     D:3: 600 daAuts
     D:5: 465 daAuts
